 Dungeon Crawl Stone Soup version 0.27.1-1-g398f81649c (webtiles) character file.

Game seed: 8344370334873347068

246 pkoi the Carver (level 5, -20/46 HPs)
             Began as a Minotaur Gladiator on Sept 17, 2021.
             Was an Initiate of Okawaru.
             Demolished by an ogre (27 damage)
             ... on level 3 of the Dungeon.
             The game lasted 00:04:47 (2855 turns).

pkoi the Carver (Minotaur Gladiator)                Turns: 2855, Time: 00:04:48

Health: -20/46     AC:  6    Str: 20 (21) XL:     5   Next: 84%
Magic:  4/4        EV: 12    Int:  3 (5)  God:    Okawaru [......]
Gold:   174        SH:  0    Dex:  9 (12) Spells: 4/4 levels left

rFire    . . .     SeeInvis .   a - +0 long sword
rCold    . . .     Faith    .   (no shield)
rNeg     . . .     Spirit   .   b - +0 leather armour
rPois    .         Reflect  .   c - +0 hat
rElec    .         Harm     .   (no cloak)
rCorr    .         Rampage  .   f - +2 pair of gloves
Will     .....                  (no boots)
Stlth    +.........             (no amulet)
HPRegen  0.15/turn              (no ring)
MPRegen  0.09/turn              (no ring)

@: brilliant
A: horns 2, retaliatory headbutt, robust 1, screaming 1, strong 1
a: Renounce Religion


You were on level 3 of the Dungeon.
You worshipped Okawaru.
Okawaru was noncommittal.
You visited 1 branch of the dungeon, and saw 4 of its levels.

You collected 174 gold pieces.

Inventory:

Hand Weapons
 a - a +0 long sword (weapon)
Missiles
 d - 5 throwing nets (quivered)
 k - 8 javelins
 l - 14 poisoned darts
Armour
 b - a +0 leather armour (worn)
 c - a +0 hat (worn)
 f - a +2 pair of gloves (worn)
Scrolls
 e - 5 scrolls of identify
 h - 2 scrolls of brand weapon {unknown}
 j - a scroll of noise {unknown}
 m - a scroll of vulnerability {unknown}
 n - a scroll of enchant armour {unknown}
 o - a scroll of immolation {unknown}
 r - 2 scrolls of teleportation {unknown}
 s - a scroll of summoning {unknown}
Potions
 g - a potion of flight
 p - a potion of degeneration


   Skills:
 - Level 2.4 Fighting
 + Level 8.0 Long Blades
 - Level 2.0 Throwing
 - Level 3.2 Dodging


You had 4 spell levels left.
You didn't know any spells.
Your spell library contained the following spells:

 Spells                   Type           Power      Damage    Failure   Level
 Magic Dart               Conj           0%         1d3       58%         1
 Searing Ray              Conj           0%         3d3       73%         2
 Fulminant Prism          Conj/Hex       0%         3d6       100%        4


Dungeon Overview and Level Annotations

Branches:
Dungeon (4/15)
 Temple: D:4-7

Altars:
Ashenzari
Gozag
Kikubaaqudgha
Okawaru


Innate Abilities, Weirdness & Mutations

You have a pair of horns on your head.
You reflexively headbutt those who attack you in melee.
You are robust. (+10% HP)
You occasionally shout uncontrollably at your foes.
Your muscles are strong. (Str +2)


Message History

a +0 club; a +0 club; a gnoll corpse You closely miss the gnoll.
The gnoll hits you but does no damage. The gnoll barely misses you.
Things that are here:
a +0 flail; a gnoll corpse
There is an open door here.
You open the door.
There is an open door here.
There is a stone staircase leading up here.
The gnoll hits you but does no damage.
You climb upwards.
The ogre closely misses you. You furiously retaliate!
You headbutt the ogre. The ogre barely misses you.
There is a stone staircase leading down here.
There is an open door here.
There is a stone staircase leading down here.
There is an open door here.
There is a stone staircase leading down here.
There is an open door here.
There is a stone staircase leading down here.
Okay, then.
Unknown command.
It was a potion of brilliance.
You feel clever all of a sudden.
The ogre hits you with a +0 giant spiked club.
* * * LOW HITPOINT WARNING * * *
It was a potion of degeneration.
There was something very wrong with that liquid.
You feel weakened.
You feel dopey.
You feel clumsy. The ogre misses you.
It was a potion of mutation.
You feel extremely strange.
You feel the urge to shout.
You feel robust.
You feel stronger.
The ogre hits you with a +0 giant spiked club!
* * * LOW HITPOINT WARNING * * *
You hit the ogre.
The ogre is lightly wounded.
You hit the ogre.
The ogre is lightly wounded.
The ogre hits you with a +0 giant spiked club!!
Ouch! That really hurt!
You die...

#.# #......# #.#.# #.#
#####)########.# #.#.###.#
#.....#......<.# #.#.....#
#.#####.######.###### #.#######
#.#####.### #......# #........
#.##......####..###.# #..#####.
#######....#.....###.###....###.
##_.#._#....#.###........#.#.....
.#.....#.......O@........'>....##
.##.≈.##....#####........#####.#
.#..≈..#.......................#
.#§..._#....#####........#######
.###.####...# #........##
###..##.#.#.## #.........##
#..##.#....# #######....#
#..##.###..# #.##.# #..##.# #..#
#....##


You could see an ogre.

Vanquished Creatures
  A bullfrog skeleton (D:4)
  An orc wizard (D:3)
  A hound skeleton (D:4)
  A hound zombie (D:4)
  3 gnolls (D:4)
  4 adders (D:3)
  2 worms (D:3)
  2 dart slugs
  9 orcs
  8 endoplasms
  2 giant cockroaches
  8 hobgoblins
  11 kobolds
  A quokka (D:3)
  3 ball pythons
  10 bats
  3 frilled lizards
  5 goblins
  8 rats
83 creatures vanquished.

Notes
Turn   | Place    | Note
-------+----------+-------------------------------------------
     0 | D:1      | pkoi the Minotaur Gladiator began the quest for the Orb.
     0 | D:1      | Reached XP level 1. HP: 18/18 MP: 0/0
    25 | D:1      | Reached skill level 4 in Long Blades
   213 | D:1      | Reached XP level 2. HP: 19/25 MP: 1/1
   382 | D:1      | Found a faded altar of an unknown god.
   760 | D:1      | You fall into a shaft and drop 1 floor!
   772 | D:2      | Reached skill level 5 in Long Blades
   861 | D:2      | Reached XP level 3. HP: 26/30 MP: 2/2
  1027 | D:2      | You fall into a shaft and drop 1 floor!
  1065 | D:3      | Reached skill level 6 in Long Blades
  1065 | D:3      | Reached XP level 4. HP: 28/37 MP: 3/3
  1537 | D:3      | Reached XP level 5. HP: 39/42 MP: 4/4
  1545 | D:3      | Reached skill level 7 in Long Blades
  1809 | D:3      | Found a broken altar of Ashenzari.
  1809 | D:3      | Found an ancient bone altar of Kikubaaqudgha.
  1811 | D:3      | Found an iron altar of Okawaru.
  1811 | D:3      | Found an opulent altar of Gozag.
  1893 | D:3      | Became a worshipper of Warmaster Okawaru
  2360 | D:4      | Noticed an ogre
  2745 | D:4      | Reached skill level 8 in Long Blades
  2853 | D:3      | Gained mutation: You occasionally shout uncontrollably at
                  | your foes. [potion of mutation]
  2853 | D:3      | Gained mutation: You are robust. (+10% HP) [potion of
                  | mutation]
  2853 | D:3      | Gained mutation: Your muscles are strong. (Str +2) [potion
                  | of mutation]
  2855 | D:3      | Demolished by an ogre

Illustrated notes

Levels and vault maps discovered:
D:1:      dpeg_arrival_rooms_c, layout_loops_corners,
          ebering_ecumenical_altar_petrified, chequers_serial_rivers_micro_e,
          st_stairs_14, chequers_serial_rivers_micro_d, minivault_26,
          minmay_bisected
D:2:      layout_rooms, kennysheep_nub, minmay_pentomino_r4
D:3:      kennysheep_big_flooded_room, layout_basic,
          mainiacjoe_overflow_alcove_3, serial_bayou_pond_e,
          minmay_fractal_squares_5
D:4:      layout_loops_corners, minmay_ruptured, uniq_menkaure

Skill      XL: |  1  2  3  4  5 |
---------------+----------------+-----
Long Blades    | 4 5 6 8 |  8.0
Fighting       | |  2.4
Throwing       | |  2.0
Dodging        | |  3.2

Action                   |  1- 3 |  4- 6 || total
-------------------------+-------+-------++-------
Melee: Long sword        |    71 |   101 ||   172
       Headbutt          |    16 |    14 ||    30
  Use: Scroll            |     2 |       ||     2
       Potion            |       |     3 ||     3
Armor: Leather armour    |    14 |    33 ||    47
Dodge: Dodged            |    50 |    73 ||   123
       Rpst.: Long sword |    13 |    13 ||    26
